 Dungeon Crawl Stone Soup version 0.30-a0-373-gd37427bb62 (webtiles) character file.

Game seed: 9322455890859241314

308 karrick the Covered (level 6, 39/39 HPs)
             Began as a Gargoyle Fighter on Nov 25, 2022.
             Quit the game in the Ecumenical Temple.
             The game lasted 00:04:18 (3098 turns).

karrick the Covered (Gargoyle Fighter)              Turns: 3098, Time: 00:04:18

Health: 39/39      AC: 14    Str: 19    XL:     6   Next: 40%
Magic:  6/6        EV:  9    Int:  9    God:
Gold:   96         SH:  5    Dex: 11    Spells: 5/5 levels left

rFire   . . .      SeeInvis .    a - +0 flail
rCold   + . .      Faith    .    c - +0 buckler
rNeg    + . .      Spirit   .    f - +0 scale mail {rC+}
rPois   ∞          Reflect  .    o - +0 helmet
rElec   +          Harm     .    t - +0 cloak
rCorr   .          Rampage  .    (no gloves)
Will    .....                    (no boots)
Stlth   ..........               (no amulet)
HPRegen 0.26/turn                (no ring)
MPRegen 0.10/turn                (no ring)

@: no status effects
A: sickness immunity, AC +4, negative energy resistance 1, electricity
resistance, torment resistance 1, petrification resistance
a: no special abilities


You were in the Ecumenical Temple.
You visited 2 branches of the dungeon, and saw 5 of its levels.

You collected 96 gold pieces.

Inventory:

Hand Weapons
 a - a +0 flail (weapon)
Armour
 c - a +0 buckler (worn)
 f - a +0 scale mail of cold resistance (worn)
 o - a +0 helmet (worn)
 t - a +0 cloak (worn)
Wands
 s - a wand of flame (19)
 u - a wand of charming (12)
Scrolls
 d - 2 scrolls of poison {unknown}
 e - a scroll of summoning
 g - 2 scrolls of identify {unknown}
 h - a scroll of magic mapping {unknown}
 k - a scroll of amnesia {unknown}
 m - a scroll of blinking {unknown}
 n - a scroll of noise {unknown}
 q - a scroll of enchant armour {unknown}
Potions
 b - a potion of haste {unknown}
 j - a potion of ambrosia {unknown}
 l - a potion of mutation {unknown}
 p - a potion of brilliance {unknown}
 r - a potion of heal wounds {unknown}


   Skills:
 + Level 4.4 Fighting
 + Level 4.4 Maces & Flails
 + Level 4.5 Armour
 + Level 4.4 Shields


You had 5 spell levels left.
You didn't know any spells.
Your spell library contained the following spells:

 Spells                   Type           Power      Damage    Failure   Level
 Wereblood                Tmut           0%         N/A       92%         2
 Hailstorm                Conj/Ice       0%         3d3       99%         3
 Ice Form                 Ice/Tmut       0%         N/A       100%        4
 Yara's Violent Unravell  Hex/Tmut       0%         3d3       100%        5
 Simulacrum               Ice/Necr       0%         N/A       100%        6
 Enfeeble                 Hex            0%         N/A       100%        7
 Summon Hydra             Summ           0%         N/A       100%        7
 Sublimation of Blood     Necr           Unusable   N/A       N/A         2

Dungeon Overview and Level Annotations

Branches:
Dungeon (4/15)             Temple (1/1) D:4

Altars:
Cheibriados
Fedhas
Nemelex Xobeh
Qazlal
Sif Muna
Uskayaw
Vehumet
Wu Jian
Xom
Zin


Innate Abilities, Weirdness & Mutations

You are immune to sickness and miasma.
Your stone body is resilient. (AC +4)
You are immune to poison.
You resist negative energy. (rN+)
You are resistant to electric shocks. (rElec)
You are resistant to unholy torment.
You are immune to petrification.


Message History

The hound barely misses you. The hound bites you but does no damage.
You closely miss the hound.
The hound is severely wounded.
The hound barely misses you. The hound bites you.
You closely miss the hound.
The hound is severely wounded.
The hound closely misses you. You block the hound's attack.
You sock the hound!
You kill the hound!
No target in view!
No target in view!
No target in view!
No target in view!
No target in view!
No target in view!
Found a staircase to the Ecumenical Temple.
No target in view!
Found a stone staircase leading down.
There is a staircase to the Ecumenical Temple here.
You climb downwards.
Welcome to the Ecumenical Temple!
Found a sparkling altar of Nemelex Xobeh and a shimmering altar of Xom.
There is a staircase back to the Dungeon here.
Found a shimmering blue altar of Sif Muna.
There is a shimmering blue altar of Sif Muna here.
Found a snail-covered altar of Cheibriados.
Found a hide-covered altar of Uskayaw.
Found a stormy altar of Qazlal.
There is a stormy altar of Qazlal here.
Found a glowing silver altar of Zin.
Found an ornate altar of the Wu Jian Council.
Found a blossoming altar of Fedhas.
Found a radiant altar of Vehumet.
Done exploring.
Done exploring.
Done exploring.
Done exploring.
Done exploring.
Search for what [Enter for "scal", or ? for help]? ok Can't find anything matching that.
Are you sure you want to abandon this character and quit the game? (Confirm with "yes".)

##############################
####.............................
#....###.#######.#######.########
..####.....###.....###.....## ###
#..._...#..._...#..._...# .##
#.......#.......#.......#
..####.....###..@..###.....##
....####.### ###.### ###.###
..#..###.#######.#######.########
####.............................
#..............................
#.......⌠.............<........
#..............................
####.............................
..#..###################.#######.


There were no monsters in sight!

Vanquished Creatures
  2 hounds (D:4)
  Crazy Yiuf (D:3)
  4 adders
  2 worms (D:4)
  3 dart slugs
  An orc (D:3)
  6 endoplasms
  4 giant cockroaches
  4 goblins
  4 hobgoblins
  2 jackals (D:1)
  3 quokkas (D:1)
  10 ball pythons
  4 bats
  2 frilled lizards (D:1)
  7 kobolds
  5 rats
64 creatures vanquished.

Vanquished Creatures (collateral kills)
  A water moccasin (D:4)
  A goblin (D:4)
2 creatures vanquished.

Grand Total: 66 creatures vanquished

Notes
Turn   | Place    | Note
-------+----------+-------------------------------------------
     0 | D:1      | karrick the Gargoyle Fighter began the quest for the Orb.
     0 | D:1      | Reached XP level 1. HP: 14/14 MP: 1/1
    83 | D:1      | Reached XP level 2. HP: 19/19 MP: 2/2
   283 | D:1      | Found a faded altar of an unknown god.
   390 | D:1      | Reached XP level 3. HP: 24/24 MP: 3/3
  1400 | D:2      | Reached XP level 4. HP: 29/29 MP: 4/4
  1500 | D:2      | Identified the +1 plate armour of Sunlight {Fly Will+}
  2114 | D:3      | Found a runed translucent door.
  2115 | D:3      | Noticed Crazy Yiuf
  2555 | D:3      | Killed Crazy Yiuf
  2556 | D:3      | Reached XP level 5. HP: 16/33 MP: 5/5
  2697 | D:4      | Noticed a water moccasin
  2728 | D:4      | Killed a water moccasin
  2729 | D:4      | Reached XP level 6. HP: 13/39 MP: 6/6
  2895 | D:4      | Found a staircase to the Ecumenical Temple.
  2904 | Temple   | Entered the Ecumenical Temple
  3098 | Temple   | Quit the game

Illustrated notes

Levels and vault maps discovered:
D:1:      dpeg_arrival_renting, layout_basic, chequers_ecumenical_altar_simple,
          chequers_serial_rivers_room_b, minmay_cupped
D:2:      layout_basic, minivault_23, kennysheep_generic_room_12
D:3:      layout_basic, uniq_crazy_yiuf_cottage
D:4:      layout_gridville, nicolae_overflow_crystal_walls,
          minmay_temple_entry_drinking_statues
Temple:   dpeg_chambers_temple

Skill      XL: |  1  2  3  4  5 |
---------------+----------------+-----
Maces & Flails | 3 4 |  4.4
Fighting       | 4 |  4.4
Armour         | 4 |  4.5
Shields        | 4 |  4.4

Action                   |  1- 3 |  4- 6 || total
-------------------------+-------+-------++-------
Melee: Flail             |   146 |   156 ||   302
  Use: Potion            |     1 |     1 ||     2
       Scroll            |       |     1 ||     1
Armor: Scale mail        |    86 |   107 ||   193
Dodge: Dodged            |    85 |   108 ||   193
Block: Buckler           |    31 |    47 ||    78

Table legend: (Time is in decaauts)
 A = Elapsed time spent in this place.
 B = Non-inter-level travel time spent in this place.
 C = Inter-level travel time spent in this place.
 D = Time resting spent in this place.
 E = Time spent auto-exploring this place.
 F = Levels seen in this place.
 G = Mean time per level.
                   A        B        C        D        E       F      G
               +--------+--------+--------+--------+--------+-----+--------+
         Total |   3171 |   3077 |     94 |      0 |   2423 |   5 |  634.2 |
       Dungeon |   2977 |   2883 |     94 |      0 |   2238 |   4 |  744.2 |
        Temple |    193 |    193 |      0 |      0 |    185 |   1 |  193.0 |
               +--------+--------+--------+--------+--------+-----+--------+

Top non-repeatable levels by time:
     D:3: 1042 daAuts
     D:1: 970 daAuts
     D:2: 714 daAuts
     D:4: 249 daAuts
  Temple: 193 daAuts
